 Dungeon Crawl Stone Soup version 0.23.0 (webtiles) character file.

Game seed: 10259519900480608323

118 Kairos the Shield-Bearer (level 5, -1/28 HPs)
             Began as a Vine Stalker Fighter on Feb 12, 2019.
             Was an Initiate of Okawaru.
             Slain by an ogre
             ... wielding a +0 giant club
              (8 damage)
             ... on level 4 of the Dungeon.
             The game lasted 00:04:16 (4413 turns).

Kairos the Shield-Bearer (Vine Stalker Fighter)     Turns: 4413, Time: 00:04:17

Health: -1/28      AC: 10    Str: 20    XL:     5   Next: 2%
Magic:  0/15       EV:  5    Int:  8    God:    Okawaru [......]
Gold:   129        SH:  9    Dex: 13    Spells: 4/4 levels left

rFire    + . .     SeeInvis .   a - +0 war axe
rCold    . . .     Gourm    .   c - +0 shield
rNeg     . . .     Faith    .   q - +0 chain mail
rPois    .         Spirit   +   o - +0 helmet
rElec    .         Reflect  .   (no cloak)
rCorr    .         Harm     .   (no gloves)
MR       .....                  (no boots)
Stlth    ..........             (no amulet)
HPRegen  0.49/turn              n - ring of magical power
MPRegen  0.14/turn              i - ring of protection from fire

@: no status effects
A: fangs 2, regeneration 1, magic shield, antimagic bite, no potion heal 3, rot
immunity
a: Renounce Religion


You were on level 4 of the Dungeon.
You worshipped Okawaru.
Okawaru was noncommittal.
You were hungry.

You visited 1 branch of the dungeon, and saw 4 of its levels.

You collected 129 gold pieces.

Inventory:

Hand Weapons
 a - a +0 war axe (weapon)
 p - a +4 trident
Armour
 c - a +0 shield (worn)
 o - a +0 helmet (worn)
 q - a +0 chain mail (worn)
Jewellery
 f - an uncursed ring of resist corrosion
 i - a ring of protection from fire (right hand)
 n - a ring of magical power (left hand)
Wands
 r - a wand of flame (21)
 t - a wand of acid (8)
Scrolls
 h - 2 scrolls of remove curse
 s - a scroll of magic mapping
 w - a scroll of fear {unknown}
Potions
 d - 3 potions of might
 e - a potion of haste {unknown}
 g - 2 potions of heal wounds {unknown}
 j - a potion of flight {unknown}
 k - 2 potions of lignification {unknown}
Comestibles
 m - 5 rations


   Skills:
 + Level 3.0 Fighting
 + Level 3.1 Axes
 + Level 3.1 Armour
 + Level 0.4 Dodging
 + Level 0.2 Stealth
 * Level 3.2 Shields


You had 4 spell levels left.
You didn't know any spells.
Your spell library was empty.

Dungeon Overview and Level Annotations

Branches:
Dungeon (4/15)
 Temple: D:4-7

Altars:
Elyvilon
Okawaru
Qazlal
Sif Muna
Zin


Innate Abilities, Weirdness & Mutations

You have extremely sharp teeth.
Your natural rate of healing is unusually fast.
When hurt, damage is shared between your health and your magic reserves.
Your bite disrupts and absorbs the magic of your enemies.
Potions cannot restore your health.
You are immune to rotting.


Message History

Found a falchion.
A frilled lizard is nearby!
An ogre comes into view. It is wielding a +0 giant club.
You miss the frilled lizard. You block the frilled lizard's attack.
The frilled lizard bites you but does no damage.
You closely miss the frilled lizard. You block the frilled lizard's attack.
The ogre hits you with a +0 giant club!
You slash the ogre!
The ogre is moderately wounded.
You slash the frilled lizard!
You kill the frilled lizard!
Okawaru accepts your kill.
The ogre hits you with a +0 giant club!!
Ouch! That really hurt!
* * * LOW HITPOINT WARNING * * *
You slash the ogre! You bite the ogre. You drain its power.
You feel invigorated.
The ogre is almost dead.
The ogre hits you with a +0 giant club!
You die...

..##.)...... .
........... ..
......... ...##......
.. ........$.#### .#
.........^...###..#
......O...##...#..##
.......@...........
........###..#..##
........###....#
........##....###
........#...#..<#
########..#.###.######
#.##.# #......# #. #.#
######..# . #.#


You could see an ogre.

Vanquished Creatures
  Terence (D:2)
  An adder (D:3)
  An ooze (D:2)
  3 worms (D:2)
  2 dart slugs
  A leopard gecko (D:2)
  An orc (D:3)
  2 giant cockroaches (D:2)
  6 goblins
  11 hobgoblins
  2 jackals (D:3)
  4 kobolds
  2 quokkas
  2 ball pythons
  9 bats
  5 frilled lizards
  8 rats
61 creatures vanquished.

Notes
Turn   | Place    | Note
-------+----------+-------------------------------------------
     0 | D:1      | Kairos the Vine Stalker Fighter began the quest for the
                  | Orb.
     0 | D:1      | Reached XP level 1. HP: 11/11 MP: 2/2
   172 | D:1      | Reached XP level 2. HP: 6/16 MP: 3/3
  1614 | D:2      | Noticed Terence
  2066 | D:2      | Reached XP level 3. HP: 11/20 MP: 4/4
  2976 | D:2      | Found a faded altar of an unknown god.
  3103 | D:2      | Found a white marble altar of Elyvilon.
  3109 | D:2      | Killed Terence
  3109 | D:2      | Gained mutation: Your natural rate of healing is unusually
                  | fast. [Vine Stalker growth]
  3109 | D:2      | Reached XP level 4. HP: 11/24 MP: 5/5
  3110 | D:2      | Found an iron altar of Okawaru.
  3115 | D:2      | Found a stormy altar of Qazlal.
  3115 | D:2      | Found a deep blue altar of Sif Muna.
  3300 | D:2      | Became a worshipper of Warmaster Okawaru
  3864 | D:3      | Found a glowing silver altar of Zin.
  4133 | D:3      | Reached XP level 5. HP: 28/28 MP: 6/6
  4407 | D:4      | Noticed an ogre
  4413 | D:4      | Slain by an ogre

Skill      XL: |  1  2  3  4 |
---------------+-------------+-----
Fighting       | 3 |  3.0
Axes           | 2 3 |  3.1
Shields        | 3 |  3.2
Armour         | 3 |  3.1
Dodging        | |  0.4
Stealth        | |  0.2

Action                   |  1- 3 |  4- 6 || total
-------------------------+-------+-------++-------
Melee: War axe           |   103 |    71 ||   174
       Bite              |    30 |    15 ||    45
  Use: Scroll            |       |     3 ||     3
  Eat: Ration            |     1 |       ||     1
       Chunk             |     3 |     4 ||     7
Armor: Scale mail        |    48 |     3 ||    51
       Chain mail        |       |    43 ||    43
Dodge: Dodged            |    31 |    20 ||    51
Block: Shield            |    51 |    34 ||    85
